 Dungeon Crawl Stone Soup version 0.29.1-2-gbd0b4ee654 (webtiles) character file.

Game seed: 8596153620417067744

3164 qeuew the Nimble (level 9, -4/71 HPs)
             Began as a Merfolk Gladiator on Nov 14, 2022.
             Was a Follower of Okawaru.
             Slain by a sky beast (6 damage)
             ... on level 7 of the Dungeon.
             The game lasted 00:09:39 (8363 turns).

qeuew the Nimble (Merfolk Gladiator)                Turns: 8363, Time: 00:09:41

Health: -4/71      AC: 10    Str: 16    XL:     9   Next: 94%
Magic:  9/9        EV: 15    Int:  8    God:    Okawaru [*.....]
Gold:   198        SH:  0    Dex: 17    Spells: 8/8 levels left

rFire   . . .      SeeInvis .   a - +2 trident (flame)
rCold   . . .      Faith    .   (no shield)
rNeg    . . .      Spirit   .   f - +0 ring mail
rPois   .          Reflect  .   c - +1 helmet
rElec   .          Harm     .   (no cloak)
rCorr   .          Rampage  .   (no gloves)
Will    .....                   (no boots)
Stlth   +.........              (no amulet)
HPRegen 0.21/turn               g - +4 ring of slaying
MPRegen 0.11/turn               (no ring)

@: no status effects
A: (nimble swimmer 2), mertail, iridescent scales 1, wild magic 1, noise
suppression
a: Renounce Religion, Heroism


You were on level 7 of the Dungeon.
You worshipped Okawaru.
Okawaru was aware of your devotion.
You visited 2 branches of the dungeon, and saw 8 of its levels.

You collected 380 gold pieces.
You spent 182 gold pieces at shops.

Inventory:

Hand Weapons
 a - a +2 trident of flaming (weapon)
Missiles
 d - a throwing net (quivered)
 e - a javelin
Armour
 c - a +1 helmet (worn)
 f - a +0 ring mail (worn)
Jewellery
 g - a +4 ring of slaying (left hand)
Wands
 n - a wand of polymorph (5)
Scrolls
 h - 4 scrolls of teleportation
 i - 2 scrolls of fear
 j - 3 scrolls of enchant armour
 l - a scroll of acquirement
Potions
 k - a potion of invisibility
 m - 2 potions of curing


   Skills:
 + Level 6.9 Fighting
 + Level 8.9 Polearms
 + Level 6.3 Throwing
 + Level 4.4 Armour
 + Level 9.0 Dodging


You had 8 spell levels left.
You didn't know any spells.
Your spell library contained the following spells:

 Spells                   Type           Power      Damage    Failure   Level
 Sandblast                Erth           0%         2d4       69%         1
 Ensorcelled Hibernation  Hex/Ice        0%         N/A       82%         2
 Passwall                 Tmut/Erth      0%         N/A       82%         2
 Gell's Gravitas          Tloc           0%         N/A       96%         3
 Lesser Beckoning         Tloc           0%         N/A       96%         3
 Spider Form              Tmut/Pois      0%         N/A       96%         3
 Stone Arrow              Conj/Erth      0%         3d7       96%         3
 Teleport Other           Tloc           0%         N/A       96%         3
 Anguish                  Hex/Necr       0%         N/A       100%        4


Dungeon Overview and Level Annotations

Branches:
Dungeon (7/15)             Temple (1/1) D:6

Altars:
Dithmenos
Elyvilon
Fedhas
Hepliaklqana
Makhleb
Nemelex Xobeh
Okawaru
Qazlal
Ru
Sif Muna
Uskayaw
Xom
Yredelemnul
Zin

Shops:
D:5 [!:


Innate Abilities, Weirdness & Mutations

((You are very nimble when in or above water. (Stealth+, EV+, Speed+++)))
Your lower body shifts to a powerful aquatic tail in water.
You are partially covered in iridescent scales. (AC +2)
Your spells are a little harder to cast, but a little more powerful.
You passively dampen the noise of your surroundings.


Message History

Okawaru accepts your kill. The wyvern closely misses you. The wyvern bites you!
Your Dodging skill increases to level 9!
Your legs become a tail as you enter the water.
The wyvern bites you! The wyvern bites you!
The sky beast flickers out of sight!
Deactivating autopickup; reactivate with Ctrl-A.
You barely miss the wyvern. The wyvern bites you!
* * * LOW HITPOINT WARNING * * *
You puncture the wyvern! You burn the wyvern. You punch the wyvern!
The wyvern is heavily wounded.
The wyvern bites you but does no damage.
Something hits you but does no damage.
Unknown command.
You feel much better.
The wyvern bites you but does no damage.
Something hits you. Something shocks you. The wyvern closely misses you.
You hit the wyvern. You burn the wyvern.
The wyvern is severely wounded.
The wyvern bites you. Something hits you. Something shocks you.
* * * LOW HITPOINT WARNING * * *
You closely miss the wyvern.
The wyvern is severely wounded.
The wyvern bites you!
* * * LOW HITPOINT WARNING * * *
Something barely misses you.
You feel much better. The wyvern bites you!
* * * LOW HITPOINT WARNING * * *
A sky beast appears from thin air!
Reactivating autopickup.
The sky beast hits you but does no damage.
The wyvern bites you but does no damage.
You feel better. The wyvern bites you!
* * * LOW HITPOINT WARNING * * *
The sky beast flickers out of sight!
Deactivating autopickup; reactivate with Ctrl-A.
Something hits you.
* * * LOW HITPOINT WARNING * * *
Something shocks you.
You die...

##.#...........# .# ###
...............# .###...
..........>.)).# .>.....
......#....).)####.......
.....#######.............
...#.# #...............
...#.#####.##..##........
..............###........
............####@l.......
##...##...### #{#.......
#.....#....# #.........
..##..###### ..........
.###......# ##.........
###......... #.........
.....#####<. #.........
####.#### # ###.......
........# #.....


You could see a wyvern.

Vanquished Creatures
  6 yaks (D:4)
  A steam dragon (D:7)
  Edmund (D:5)
  3 water moccasins
  Duvessa (D:5)
  An orc warrior (D:7)
  An ice beast (D:7)
  A sky beast (D:7)
  A phantom (D:4)
  A bullfrog (D:6)
  3 necrophages
  3 scorpions
  Dowan (D:5)
  A howler monkey (D:5)
  5 hounds
  A jelly (D:5)
  3 orc priests
  3 iguanas
  Jessica (D:3)
  2 gnoll boudas
  An orc wizard (D:5)
  4 adders
  18 gnolls
  A shadow imp (D:7)
  3 white imps
  2 worms (D:3)
  2 dart slugs
  10 orcs
  6 bats
  7 endoplasms
  A giant cockroach (D:1)
  10 goblins
  5 hobgoblins
  3 jackals (D:3)
  3 quokkas
  7 ball pythons
  2 frilled lizards (D:1)
  7 kobolds
  7 rats
139 creatures vanquished.

Notes
Turn   | Place    | Note
-------+----------+-------------------------------------------
     0 | D:1      | qeuew the Merfolk Gladiator began the quest for the Orb.
     0 | D:1      | Reached XP level 1. HP: 16/16 MP: 1/1
    13 | D:1      | Noticed an electric eel
   233 | D:1      | Reached XP level 2. HP: 22/23 MP: 2/2
   709 | D:1      | Found a faded altar of an unknown god.
   948 | D:1      | Gained mutation: You have hidden genetic potential. [potion
                  | of mutation]
   948 | D:1      | Gained mutation: You are partially covered in iridescent
                  | scales. (AC +2) [potion of mutation]
  1081 | D:2      | Reached XP level 3. HP: 25/28 MP: 3/3
  1164 | D:2      | Gained mutation: You passively dampen the noise of your
                  | surroundings. [hidden potential]
  1251 | D:2      | Reached XP level 4. HP: 7/34 MP: 4/4
  1252 | D:2      | Reached skill level 1 in Armour
  1258 | D:2      | Gained mutation: Your spells are a little harder to cast,
                  | but a little more powerful. [hidden potential]
  1258 | D:2      | Lost mutation: You have hidden genetic potential. [hidden
                  | potential expressed]
  2244 | D:3      | Noticed Jessica
  2247 | D:3      | Killed Jessica
  2248 | D:3      | Reached XP level 5. HP: 31/41 MP: 5/5
  2521 | D:3      | Reached skill level 5 in Polearms
  2521 | D:3      | Reached skill level 5 in Dodging
  2614 | D:3      | HP: 2/41 [poisoned by a scorpion]
  3027 | D:3      | Reached XP level 6. HP: 47/47 MP: 6/6
  3848 | D:4      | Reached XP level 7. HP: 54/54 MP: 7/7
  4276 | D:4      | Noticed a yak
  4276 | D:4      | Noticed a yak
  4276 | D:4      | Noticed a yak
  4277 | D:4      | Noticed a yak
  4284 | D:4      | Killed a yak
  4285 | D:4      | Reached skill level 6 in Dodging
  4292 | D:4      | Killed a yak
  4300 | D:4      | Killed a yak
  4301 | D:4      | Reached XP level 8. HP: 17/61 MP: 8/8
  4310 | D:4      | Killed a yak
  4311 | D:4      | Reached skill level 5 in Fighting
  4316 | D:4      | Noticed a yak
  4316 | D:4      | Noticed a yak
  4797 | D:4      | Killed a yak
  4805 | D:4      | Killed a yak
  4806 | D:4      | Reached skill level 7 in Dodging
  4984 | D:5      | Entered Level 5 of the Dungeon
  5061 | D:5      | Reached skill level 5 in Throwing
  5315 | D:5      | Noticed Dowan
  5315 | D:5      | Noticed Duvessa
  5325 | D:5      | Killed Dowan
  5582 | D:5      | Noticed Edmund
  5593 | D:5      | Killed Edmund
  5771 | D:5      | Reached XP level 9. HP: 61/69 MP: 9/9
  5841 | D:5      | Killed Duvessa
  6021 | D:5      | Found Dyduaf's Antique Armour Boutique.
  6077 | D:5      | Found Illaim's Distillery.
  6731 | D:5      | Found Peorphe's Book Shoppe.
  7007 | D:5      | Bought a potion of heal wounds for 70 gold pieces
  7007 | D:5      | Bought a potion of invisibility for 112 gold pieces
  7109 | D:6      | Reached skill level 8 in Dodging
  7444 | D:6      | Found a staircase to the Ecumenical Temple.
  7462 | Temple   | Entered the Ecumenical Temple
  7565 | Temple   | Became a worshipper of Warmaster Okawaru
  7885 | D:7      | Found a glowing silver altar of Zin.
  7901 | D:7      | Reached * piety under Okawaru
  7919 | D:7      | Found a burning altar of Makhleb.
  7985 | D:7      | Identified a scroll of acquirement
  8355 | D:7      | Reached skill level 9 in Dodging
  8361 | D:7      | HP: 2/71 [wyvern (15)]
  8363 | D:7      | Slain by a sky beast

Illustrated notes

Levels and vault maps discovered:
D:1:      arrival_aquarium_a, layout_basic, ebering_ecumenical_altar_petrified,
          chequers_hall_statues_wall_a
D:2:      layout_loops_ring
D:3:      layout_basic, minmay_mini_jars, uniq_jessica
D:4:      layout_basic
D:5:      layout_layer_cave, serial_shops, shop, shop_fountains, shop_statue,
          uniq_edmund, uniq_duvessa
D:6:      layout_rooms, minmay_temple_entry_fiery
D:7:      layout_rooms, kennysheep_little_box,
          mainiacjoe_overflow_concentric_impassable, serial_bayou_pond_d,
          kennysheep_minor_cross, chequers_serial_rivers_room_b
Temple:   hellmonk_temple_two_chambers

Skill      XL: |  1  2  3  4  5  6  7  8  9 |
---------------+----------------------------+-----
Armour         | 1 2 3 4 |  4.4
Fighting       | 3 4 5 6 |  6.9
Throwing       | 3 4 5 6 |  6.3
Polearms       | 5 6 7 8 |  8.9
Dodging        | 5 6 7 9 |  9.0

Action                   |  1- 3 |  4- 6 |  7- 9 || total
-------------------------+-------+-------+-------++-------
Melee: Trident           |    76 |   132 |   215 ||   423
       Punch             |     1 |     2 |     7 ||    10
Throw: Throwing net      |       |       |     3 ||     3
       Javelin           |       |       |     1 ||     1
Invok: Heroism           |       |       |     1 ||     1
  Use: Potion            |     7 |     2 |     6 ||    15
       Scroll            |     2 |     5 |     9 ||    16
 Stab: Sleeping          |     1 |     5 |       ||     6
       Held in net/web   |       |       |     1 ||     1
Armor: Leather armour    |    14 |    21 |     7 ||    42
       Ring mail         |       |       |    37 ||    37
Dodge: Dodged            |    31 |    65 |    99 ||   195
